[Event "Titled Tuesday Blitz December 06 Late 2022"]
[White "Postnikov, Daniil"]
[Black "Martinez Reyes, Pedro Ramon"]
[WhiteFideId "4166329"]
[BlackFideId "3901807"]
[WhiteElo "2662"]
[BlackElo "2528"]
[Result "0-1"]
[Round "06"]
[TimeControl "180+1"]
[Date "2022.12.07"]
[WhiteClock "0:00:58"]
[BlackClock "0:01:19"]

1. e4 Nf6 2. e5 Ng8 3. d4 d6 4. Nf3 dxe5 5. Nxe5 Nd7 6. Nf3 Ngf6 7. Bd3 g6 8. Nc3 Bg7 9. Ne2 O-O 10. Ng3 c5 11. c3 cxd4 12. cxd4 Nb6 13. h3 Nbd5 14. O-O Nb4 15. Bb1 Be6 16. a3 Nc6 17. Be3 Nd5 18. Ng5 Nxe3 19. fxe3 Bc4 20. Rf2 e5 21. h4 exd4 22. e4 d3 23. Kh2 h6 24. Nf3 Ne5 25. Ba2 Ng4+ 26. Kg1 Nxf2 27. Kxf2 Qb6+ 28. Kf1 Qxb2 29. Bxc4 Qxa1 30. Qxa1 Bxa1 31. Bxd3 Rac8 32. Ne2 Rfd8 33. Nf4 g5 34. hxg5 hxg5 35. Nd5 f6 36. Ne7+ Kg7 37. Nxc8 Rxc8 38. Ke2 Rc3 39. a4 Ra3 40. Bb5 Ra2+ 41. Kf1 a6 42. Be8 Be5 43. Ne1 Bd4 44. Nd3 Rd2 45. Nb4 Rf2+ 46. Ke1 Rxg2 47. Nd5 g4 48. Bd7 g3 49. Nf4 Bc3+ 50. Kf1 Rf2+ 51. Kg1 Rxf4 0-1


[Site "https://www.chess.com"]

[Event "Titled Tuesday Blitz December 06 Late 2022"]
[White "Przybylski, Wojciech"]
[Black "Ambartsumova, Karina"]
[WhiteFideId "1117599"]
[BlackFideId "4166299"]
[WhiteElo "2217"]
[BlackElo "2319"]
[Result "0-1"]
[Round "06"]
[TimeControl "180+1"]
[Date "2022.12.07"]
[WhiteClock "0:00:09"]
[BlackClock "0:00:12"]

1. e4 e5 2. Nf3 Nc6 3. Bb5 Nf6 4. O-O Nxe4 5. d4 Nd6 6. Bxc6 dxc6 7. dxe5 Nf5 8. Qxd8+ Kxd8 9. h3 Be7 10. Nc3 Be6 11. Bf4 h6 12. a4 a5 13. Rad1+ Ke8 14. g4 Nh4 15. Nxh4 Bxh4 16. Kg2 Ke7 17. Be3 b6 18. f4 Bc4 19. Rg1 Rad8 20. b3 Bd5+ 21. Nxd5+ cxd5 22. f5 c5 23. c3 Rd7 24. Kf3 Rhd8 25. Bf4 d4 26. c4 d3 27. Rd2 Rd4 28. Be3 Bg5 29. Rgd1 R4d7 30. Ke4 Rd4+ 31. Kf3 R4d7 32. Bxg5+ hxg5 33. Ke3 Rh8 34. Rh1 Rd4 35. Rxd3 Rxg4 36. Rd6 Rg3+ 37. Ke4 Rhxh3 38. Rxh3 Rxh3 39. Rxb6 Rc3 40. Rb7+ Ke8 41. f6 gxf6 42. exf6 g4 43. Kd5 g3 44. Rb8+ Kd7 45. Rb7+ Ke8 46. Kd6 Rd3+ 47. Kc7 Rd7+ 48. Kc6 Rxb7 49. Kxb7 g2 50. Kb6 g1=Q 51. Kxa5 Qd4 52. Kb5 Qd6 53. a5 Kd7 54. a6 Qc6+ 55. Ka5 Kc7 56. b4 Qb6+ 57. Ka4 Qxb4# 0-1


[Site "https://www.chess.com"]

[Event "Titled Tuesday Blitz December 06 Late 2022"]
[White "Pultinevicius, Paulius"]
[Black "Sjugirov, Sanan"]
[WhiteFideId "12809390"]
[BlackFideId "4189302"]
[WhiteElo "2486"]
[BlackElo "2613"]
[Result "1-0"]
[Round "06"]
[TimeControl "180+1"]
[Date "2022.12.06"]
[WhiteClock "0:00:35"]
[BlackClock "0:00:03"]

1. b3 d5 2. Bb2 Bf5 3. e3 e6 4. Ne2 h6 5. d4 Nf6 6. Ng3 Bg6 7. Bd3 Bxd3 8. Qxd3 h5 9. h3 Nbd7 10. Nd2 c6 11. O-O Bd6 12. Ne2 O-O 13. e4 dxe4 14. Nxe4 Nxe4 15. Qxe4 Re8 16. Rad1 Qa5 17. a3 Rad8 18. c4 Nf6 19. Qe3 Qf5 20. Rfe1 Bc7 21. Ng3 Qg6 22. Nf1 b5 23. Nd2 bxc4 24. bxc4 Ba5 25. Bc3 Bc7 26. Qf3 Rc8 27. Nb3 Bd6 28. Nc5 Rc7 29. Ba5 Rcc8 30. Rb1 Bxc5 31. dxc5 e5 32. Rb7 e4 33. Qf4 a6 34. Re3 Nh7 35. Bc3 h4 36. Qxh4 Qh6 37. Qxh6 gxh6 38. Rg3+ Kf8 39. Bg7+ Kg8 40. Bxh6+ Kh8 41. Bg7+ Kg8 42. Be5+ Kf8 43. Bd6+ 1-0


[Site "https://www.chess.com"]

[Event "Titled Tuesday Blitz December 06 Late 2022"]
[White "Putnam, Liam"]
[Black "Perez Leiva, Jerzy Jesus"]
[WhiteFideId "30938279"]
[BlackFideId "3524337"]
[WhiteElo "2727"]
[BlackElo "2599"]
[Result "1-0"]
[Round "06"]
[TimeControl "180+1"]
[Date "2022.12.07"]
[WhiteClock "0:00:10"]
[BlackClock "0:00:03"]

1. b3 b6 2. Bb2 Bb7 3. Nf3 Nf6 4. e3 e6 5. c4 c5 6. Nc3 Be7 7. d4 O-O 8. d5 exd5 9. cxd5 Re8 10. Bd3 d6 11. O-O Nbd7 12. e4 Bf8 13. Qc2 a6 14. a4 Bc8 15. Ne2 Ng4 16. Ng3 Nde5 17. Nxe5 Nxe5 18. Be2 Qh4 19. Qc3 Ng6 20. Rae1 Nf4 21. Bc4 Qg4 22. f3 Qh4 23. Ne2 Ng6 24. g3 Qd8 25. Nf4 Ne5 26. Kh1 Bd7 27. Nh5 Qg5 28. g4 Qh4 29. Be2 f6 30. Rg1 g6 31. Ng3 Bh6 32. Bc1 Bg5 33. f4 Nxg4 34. Bxg4 Bxg4 35. fxg5 Re5 36. gxf6 Rf8 37. Bf4 Rxf6 38. Bxe5 Bf3+ 39. Rg2 Qxh2+ 40. Kxh2 1-0


[Site "https://www.chess.com"]

[Event "Titled Tuesday Blitz December 06 Late 2022"]
[White "Rendle, Thomas E"]
[Black "Leenhouts, Koen"]
[WhiteFideId "408760"]
[BlackFideId "1008439"]
[WhiteElo "2684"]
[BlackElo "2558"]
[Result "0-1"]
[Round "06"]
[TimeControl "180+1"]
[Date "2022.12.07"]
[WhiteClock "0:00:23"]
[BlackClock "0:00:11"]

1. f4 d5 2. Nf3 Nf6 3. g3 g6 4. Bg2 Bg7 5. O-O O-O 6. d3 c5 7. Nc3 Nc6 8. Ne5 Bd7 9. Nxd5 Nxe5 10. Nxf6+ Bxf6 11. fxe5 Bxe5 12. Bxb7 Rb8 13. Bg2 Bxb2 14. Bh6 Re8 15. Rb1 Bg7 16. Bxg7 Kxg7 17. Qd2 Be6 18. Rxb8 Qxb8 19. Qc3+ Kg8 20. Qxc5 Bxa2 21. c4 Qb2 22. Bc6 Rf8 23. Bf3 e6 24. Qxa7 h5 25. Qe3 Rb8 26. Rc1 Qf6 27. Qf4 Qb2 28. Kg2 Bb1 29. Qe3 Bxd3 30. c5 Bf5 31. c6 e5 32. c7 Rc8 33. Bd5 Kg7 34. Kf2 Re8 35. Qc3 Qxc3 36. Rxc3 Bc8 37. Rb3 Kf6 38. Rb8 Ke7 39. Bc6 Rf8 40. Ke3 Kd6 41. Bb7 Kxc7 42. Rxc8+ Rxc8 43. Bxc8 Kxc8 44. Ke4 f6 45. h3 Kd7 46. g4 hxg4 47. hxg4 Ke6 48. Kf3 f5 49. gxf5+ gxf5 50. Ke3 Kd5 51. Kd3 e4+ 52. Ke3 Ke5 53. Kf2 f4 54. Kg2 Kd4 55. Kf1 Kc3 56. Ke1 Kc2 57. Kf1 Kd2 58. Kf2 Kd1 59. Kf1 e3 60. Kg2 Kxe2 0-1


[Site "https://www.chess.com"]

[Event "Titled Tuesday Blitz December 06 Late 2022"]
[White "Renjith, Sravan"]
[Black "Ankerst, Mihael"]
[WhiteFideId "4306783"]
[BlackFideId "14602369"]
[WhiteElo "2072"]
[BlackElo "2368"]
[Result "0-1"]
[Round "06"]
[TimeControl "180+1"]
[Date "2022.12.07"]
[WhiteClock "0:01:22"]
[BlackClock "0:00:35"]

1. Nf3 Nf6 2. d4 g6 3. c4 Bg7 4. g3 d6 5. Bg2 O-O 6. O-O Nbd7 7. Nc3 e5 8. d5 a5 9. e4 Nc5 10. Ne1 Nfd7 11. Nd3 f5 12. f4 Nxd3 13. Qxd3 Nc5 14. Qe2 fxe4 15. Nxe4 Nxe4 16. Bxe4 Bh3 17. Bg2 Qd7 18. fxe5 Rxf1+ 19. Qxf1 Rf8 20. Bf4 Bxg2 21. Qxg2 Bxe5 22. Bxe5 dxe5 23. Rf1 Qd6 24. Rxf8+ Qxf8 25. Qf2 Qb4 26. b3 a4 27. Qe3 axb3 28. axb3 Kf7 29. Qxe5 Qc5+ 30. Kg2 Kf8 31. Qh8+ Kf7 32. Qxh7+ Kf6 33. Qh8+ Kf5 34. Qc8+ Kg5 35. h4+ Kf6 36. Qe6+ Kg7 37. Qe5+ Kh7 38. Kh3 Kg8 39. Kg4 Kh7 40. Kg5 b6 41. Qe4 Qd6 42. Qe6 Qxg3+ 43. Qg4 Qe5+ 44. Qf5 Qxf5# 0-1


[Site "https://www.chess.com"]

[Event "Titled Tuesday Blitz December 06 Late 2022"]
[White "Rodriguez Santiago, Jaime"]
[Black "Sargsyan, Anna M."]
[WhiteFideId "3100898"]
[BlackFideId "13308130"]
[WhiteElo "2025"]
[BlackElo "2284"]
[Result "0-1"]
[Round "06"]
[TimeControl "180+1"]
[Date "2022.12.07"]
[WhiteClock "0:00:21"]
[BlackClock "0:00:48"]

1. c4 c6 2. d4 d5 3. cxd5 cxd5 4. Bf4 Nc6 5. e3 Nf6 6. Nc3 Bf5 7. Qb3 Na5 8. Qa4+ Bd7 9. Qd1 e6 10. Bd3 Rc8 11. Nge2 Be7 12. Rb1 O-O 13. f3 a6 14. h4 b5 15. h5 Nc4 16. g4 Qa5 17. a3 b4 18. axb4 Bxb4 19. Kf2 Nxb2 20. Rxb2 Bxc3 21. Nxc3 Rxc3 22. g5 Qa3 23. Rd2 Ba4 24. Qb1 Rb3 25. Qf1 Nd7 26. Kg3 Bb5 27. Bxb5 axb5 28. g6 Nf6 29. gxf7+ Rxf7 30. Qh3 Rxe3 31. Ra1 Rxf3+ 32. Kg2 Rxh3 33. Rxa3 Rxa3 34. Bd6 Ra6 35. Bc5 Ne4 36. Rb2 Nxc5 0-1


[Site "https://www.chess.com"]

[Event "Titled Tuesday Blitz December 06 Late 2022"]
[White "Romero Ruscalleda, Josep"]
[Black "Kaplan, Avi Harrison"]
[WhiteFideId "2231859"]
[BlackFideId "30934559"]
[WhiteElo "2183"]
[BlackElo "1983"]
[Result "0-1"]
[Round "06"]
[TimeControl "180+1"]
[Date "2022.12.07"]
[WhiteClock "0:00:03"]
[BlackClock "0:00:08"]

1. e4 c5 2. c3 Nf6 3. e5 Nd5 4. Nf3 Nc6 5. Bc4 Nb6 6. Bb3 d5 7. exd6 Qxd6 8. O-O g6 9. h3 Bg7 10. Re1 O-O 11. Na3 Rd8 12. Qe2 e6 13. Bc2 Nd5 14. d3 Nf4 15. Bxf4 Qxf4 16. Rad1 b6 17. Qe4 Qxe4 18. dxe4 Ba6 19. Ba4 Ne5 20. Nxe5 Bxe5 21. Bb5 Bb7 22. Bd3 Rd7 23. Bb5 Rdd8 24. Bd3 Kg7 25. Nc4 Bc7 26. Bc2 Ba6 27. Ne3 Bf4 28. g3 Be5 29. f4 Bc7 30. Kf2 h6 31. e5 Bb7 32. Ng4 b5 33. Nf6 c4 34. Be4 Bb6+ 35. Kf3 Bxe4+ 36. Nxe4 Kf8 37. Nd6 a6 38. a4 Bc7 39. Nb7 Rdb8 40. Nc5 Rd8 41. Ke2 Bb6 42. Ne4 bxa4 43. Nd6 Rab8 44. Nxc4 Bc5 45. Rxd8+ Rxd8 46. Rd1 Rxd1 47. Kxd1 Bf2 48. g4 Bg3 49. f5 gxf5 50. gxf5 exf5 51. Ke2 Ke7 52. Kf3 Bh2 53. Ke3 Ke6 54. Kd4 Bg1+ 55. Kd3 Bc5 56. h4 Kd5 57. h5 f4 58. Nd2 Kxe5 59. Nf3+ Kf5 60. Kc4 Be3 61. Kb4 Bc1 62. Kxa4 Bxb2 63. c4 Kg4 64. Ne5+ Bxe5 65. Ka5 f3 66. Kxa6 f2 67. c5 f1=Q+ 0-1


[Site "https://www.chess.com"]

[Event "Titled Tuesday Blitz December 06 Late 2022"]
[White "Rose, Felix"]
[Black "Mahdavi, Reza"]
[WhiteFideId "5105722"]
[BlackFideId "12595926"]
[WhiteElo "2039"]
[BlackElo "2242"]
[Result "0-1"]
[Round "06"]
[TimeControl "180+1"]
[Date "2022.12.07"]
[WhiteClock "0:00:06"]
[BlackClock "0:01:54"]

1. e4 c5 2. Nf3 e6 3. d4 cxd4 4. Nxd4 Nc6 5. Nc3 Qc7 6. Be3 a6 7. Qf3 Nf6 8. O-O-O Ne5 9. Qg3 b5 10. f4 Neg4 11. Bg1 b4 12. Na4 h5 13. e5 Nd5 14. Be2 Bb7 15. h3 Nh6 16. Bxh5 g6 17. Bf3 Nf5 18. Nxf5 gxf5 19. Bxd5 Bxd5 20. Nb6 Be4 21. Qb3 Rd8 22. Nc4 Rc8 23. Rd4 Bc5 0-1


[Site "https://www.chess.com"]

[Event "Titled Tuesday Blitz December 06 Late 2022"]
[White "Rosen, Eric"]
[Black "Yurasova, Daria"]
[WhiteFideId "2032562"]
[BlackFideId "34146919"]
[WhiteElo "2670"]
[BlackElo "2533"]
[Result "0-1"]
[Round "06"]
[TimeControl "180+1"]
[Date "2022.12.07"]
[WhiteClock "0:00:03"]
[BlackClock "0:00:08"]

1. d4 d5 2. Bf4 Nf6 3. e3 Bf5 4. Nf3 e6 5. Bd3 Bg6 6. O-O Nbd7 7. c4 c6 8. Nc3 Be7 9. Rc1 O-O 10. h3 Bxd3 11. Qxd3 Re8 12. Rfd1 Nf8 13. a3 Ng6 14. Bh2 Bd6 15. Ne5 Rc8 16. b4 dxc4 17. Qxc4 Nd5 18. Ne4 Bb8 19. Bg3 Qe7 20. Qb3 Red8 21. b5 Nxe5 22. Bxe5 Bxe5 23. dxe5 cxb5 24. Rxc8 Rxc8 25. Qxb5 h6 26. Nd6 Rc7 27. Rd4 a6 28. Qb2 h5 29. h4 b5 30. Qd2 Nb6 31. g3 Nc4 32. Qb4 Nxe5 33. Qa5 Nf3+ 34. Kg2 Nxd4 35. Qb6 Nf5 36. Qb8+ Kh7 37. Ne8 Rb7 38. Qe5 Qxe8 39. e4 Nh6 40. Qxh5 Rd7 41. g4 Qa8 42. Qe5 Qc6 43. g5 Ng8 44. h5 Qd6 45. g6+ fxg6 46. Qg5 gxh5 47. Qxh5+ Nh6 48. e5 Qd5+ 49. f3 Qd2+ 50. Kg3 Qf4+ 51. Kf2 Rd2+ 52. Kf1 Qe3 53. Qh4 Qe2+ 54. Kg1 Qg2# 0-1


[Site "https://www.chess.com"]

[Event "Titled Tuesday Blitz December 06 Late 2022"]
[White "Rubio Tent, Francisco"]
[Black "Marcolino, Daniel Mattos"]
[WhiteFideId "2238233"]
[BlackFideId "2106841"]
[WhiteElo "2211"]
[BlackElo "2153"]
[Result "0-1"]
[Round "06"]
[TimeControl "180+1"]
[Date "2022.12.07"]
[WhiteClock "0:00:03"]
[BlackClock "0:00:25"]

1. e4 d5 2. exd5 Qxd5 3. Nf3 Nf6 4. d4 c6 5. Be2 Bf5 6. O-O Nbd7 7. c4 Qa5 8. Nc3 e6 9. Re1 Be7 10. h3 O-O 11. Be3 Rfd8 12. a3 h6 13. b4 Qc7 14. Qb3 a5 15. Bf1 Bf8 16. g3 axb4 17. axb4 Rxa1 18. Rxa1 e5 19. Bg2 Bg6 20. dxe5 Nxe5 21. Bf4 Nxf3+ 22. Bxf3 Bd6 23. Bxd6 Qxd6 24. c5 Qe5 25. Ra3 Rd3 26. Kg2 Be4 27. Nxe4 Rxb3 28. Nxf6+ Qxf6 29. Rxb3 Qd4 30. h4 Qc4 31. Rb1 f6 32. Rb2 g5 33. hxg5 hxg5 34. g4 Kg7 35. Rb1 Qc3 36. Be4 Kf8 37. f3 Ke7 38. Kf2 Ke6 39. Ke2 Ke5 40. Kf2 Kf4 41. Kg2 Qd2+ 42. Kh1 Kg3 43. Rg1+ Kh3 0-1


[Site "https://www.chess.com"]

[Event "Titled Tuesday Blitz December 06 Late 2022"]
[White "Rustemov, Alexander"]
[Black "Sarana, Alexey"]
[WhiteFideId "4119002"]
[BlackFideId "24133795"]
[WhiteElo "2800"]
[BlackElo "2708"]
[Result "0-1"]
[Round "06"]
[TimeControl "180+1"]
[Date "2022.12.06"]
[WhiteClock "0:00:14"]
[BlackClock "0:00:17"]

1. d4 Nf6 2. c4 e6 3. Nf3 d5 4. cxd5 exd5 5. Nc3 c6 6. Bg5 Be7 7. Qc2 h6 8. Bh4 O-O 9. e3 Nh5 10. Bxe7 Qxe7 11. O-O-O a5 12. Kb1 Nf6 13. Bd3 Bg4 14. Rc1 Nbd7 15. Nd2 Be6 16. h3 b5 17. g4 Nb6 18. Rcg1 Nc4 19. g5 hxg5 20. Rxg5 Nxd2+ 21. Qxd2 Ne4 22. Nxe4 dxe4 23. Rhg1 g6 24. Bxe4 Bxa2+ 25. Kxa2 Qxe4 26. h4 Rae8 27. h5 Re6 28. hxg6 Rxg6 29. f4 Re8 30. f5 Rxg5 31. Rxg5+ Kf8 32. Qxa5 c5 33. Rh5 Kg7 34. f6+ Kg6 35. Re5 Rxe5 36. dxe5 Qc4+ 37. Ka1 b4 38. Qc7 b3 0-1


[Site "https://www.chess.com"]

[Event "Titled Tuesday Blitz December 06 Late 2022"]
[White "Santos Flores, Alberto"]
[Black "Rama, Tejas"]
[WhiteFideId "3601234"]
[BlackFideId "30907381"]
[WhiteElo "2235"]
[BlackElo "2089"]
[Result "1-0"]
[Round "06"]
[TimeControl "180+1"]
[Date "2022.12.07"]
[WhiteClock "0:00:08"]
[BlackClock "0:00:05"]

1. d4 Nf6 2. Nf3 d5 3. c3 c5 4. Bf4 Nc6 5. e3 Qb6 6. Qb3 c4 7. Qc2 Bf5 8. Qc1 h6 9. Nbd2 Qa5 10. h3 g5 11. Bh2 e6 12. Be2 b5 13. a3 Qd8 14. Ne5 Ne7 15. O-O Bg7 16. Bf3 O-O 17. Re1 Ne4 18. Nxe4 dxe4 19. Be2 Nd5 20. Nc6 Qb6 21. Nb4 a5 22. Nxd5 exd5 23. Qc2 Qg6 24. b3 h5 25. a4 cxb3 26. Qxb3 bxa4 27. Qxd5 Rac8 28. Qxa5 g4 29. hxg4 hxg4 30. Rxa4 Bh6 31. Rc4 Be6 32. Rxc8 Rxc8 33. d5 Bd7 34. c4 g3 35. Bxg3 Bxe3 36. fxe3 Qxg3 37. Bf1 Rc5 38. Qxc5 Qxe1 39. Qd4 Bf5 40. d6 Qa5 41. d7 Qd8 42. c5 Qxd7 43. Qxd7 Bxd7 44. Kf2 Bc6 45. Kg3 Kg7 46. Kf4 Kf6 47. Bc4 Kg6 48. g4 Kf6 49. g5+ Kg6 50. Bb3 Bb7 51. Ba4 f6 52. gxf6 Kxf6 53. c6 Bc8 54. Kxe4 Ke6 55. Kd4 Kd6 56. e4 Bg4 57. e5+ Kc7 58. Kc5 Be6 59. Bb5 Bf5 60. Bc4 Be4 61. Bd5 Bf5 62. e6 Bg4 63. e7 Bh5 64. Be6 Be8 65. Bd5 Bg6 66. Kd4 Kd6 67. Be4 Be8 68. c7 Kxc7 69. Ke5 Kd7 70. Kf6 Kd6 71. Bf5 Bc6 72. Kf7 Bd5+ 73. Kf8 Bc6 74. Bg6 Ke5 75. Be8 Be4 76. Bf7 Bc6 77. Be8 Be4 78. Bb5 Bg6 79. Bc4 Bh5 80. Bf7 1-0


[Site "https://www.chess.com"]

[Event "Titled Tuesday Blitz December 06 Late 2022"]
[White "Sattarov, Bobir"]
[Black "Melikyan, Gnel"]
[WhiteFideId "14203081"]
[BlackFideId "54109990"]
[WhiteElo "2701"]
[BlackElo "2572"]
[Result "0-1"]
[Round "06"]
[TimeControl "180+1"]
[Date "2022.12.07"]
[WhiteClock "0:00:01"]
[BlackClock "0:00:08"]

1. e4 g6 2. d4 Bg7 3. Nc3 c5 4. Nf3 cxd4 5. Nxd4 Nc6 6. Be3 Nf6 7. Nxc6 dxc6 8. Qxd8+ Kxd8 9. O-O-O+ Ke8 10. f3 Be6 11. a4 Nd7 12. a5 h5 13. Na4 b5 14. Nc5 Nxc5 15. Bxc5 a6 16. Be2 Be5 17. Bd4 f6 18. Bxe5 fxe5 19. h4 Kf7 20. Rd2 Rhd8 21. Rhd1 Rxd2 22. Kxd2 Rg8 23. Ke3 g5 24. hxg5 Rxg5 25. Bf1 Bc4 26. Kf2 Bxf1 27. Kxf1 Rg8 28. Rd7 c5 29. b3 Rg6 30. Rc7 c4 31. bxc4 bxc4 32. Rxc4 Rd6 33. Ke2 Rg6 34. Kf2 Rd6 35. Rc5 Rd2+ 36. Kg3 Kf6 37. Rc6+ e6 38. Rxa6 Rxc2 39. Ra8 Ra2 40. a6 Kg7 41. a7 Kh7 42. Kh4 Kg7 43. Kxh5 Kf7 44. Rh8 Rxa7 45. Rh7+ Kf6 46. Rh6+ Kf7 47. Kg5 Ra2 48. g4 Rf2 49. Rf6+ Ke7 50. Kg6 Rh2 51. g5 Rg2 52. Rf7+ Ke8 53. Rg7 Rg3 54. Kh7 Rxf3 55. g6 Kf8 56. Rg8+ Ke7 57. g7 Rh3+ 58. Kg6 Rg3+ 59. Kh6 Rh3+ 60. Kg5 Rg3+ 61. Kh4 Rg1 62. Kh5 Kf7 63. Re8 Kxe8 64. Kh6 Kf7 65. g8=Q+ Rxg8 0-1


[Site "https://www.chess.com"]

[Event "Titled Tuesday Blitz December 06 Late 2022"]
[White "Savic, Miroslav"]
[Black "Tomaszewski, Kacper"]
[WhiteFideId "14508494"]
[BlackFideId "1127373"]
[WhiteElo "2209"]
[BlackElo "2211"]
[Result "0-1"]
[Round "06"]
[TimeControl "180+1"]
[Date "2022.12.07"]
[WhiteClock "0:00:07"]
[BlackClock "0:00:28"]

1. Nf3 g6 2. e4 c5 3. h4 d5 4. exd5 Bg4 5. Nc3 Nf6 6. Bb5+ Nbd7 7. d4 cxd4 8. Qxd4 Bxf3 9. gxf3 Bg7 10. d6 e6 11. Bg5 Qb6 12. Bxd7+ Kxd7 13. Qa4+ Qc6 14. Qf4 e5 15. Qb4 Qxf3 16. Rh3 Qxh3 17. Qxb7+ Ke6 18. Qb3+ Kf5 19. O-O-O h6 20. Bxf6 Bxf6 21. Qxf7 Rad8 22. Nd5 Qxh4 0-1


[Site "https://www.chess.com"]

[Event "Titled Tuesday Blitz December 06 Late 2022"]
[White "Saya, Ethan"]
[Black "Radovanovic, Dusan"]
[WhiteFideId "26095181"]
[BlackFideId "926868"]
[WhiteElo "2178"]
[BlackElo "2337"]
[Result "1/2-1/2"]
[Round "06"]
[TimeControl "180+1"]
[Date "2022.12.07"]
[WhiteClock "0:00:22"]
[BlackClock "0:00:24"]

1. d4 Nf6 2. c4 g6 3. Nf3 Bg7 4. g3 O-O 5. Bg2 d6 6. O-O Nc6 7. Nc3 e5 8. dxe5 dxe5 9. Qxd8 Rxd8 10. Bg5 Be6 11. Bxf6 Bxf6 12. Ne4 Be7 13. b3 h6 14. Rad1 f5 15. Nc3 e4 16. Nd2 Nd4 17. Ndb1 Bf6 18. e3 Nc6 19. Nd5 Bxd5 20. Rxd5 Nb4 21. Rb5 Nxa2 22. Rxb7 Be5 23. Na3 a6 24. Nc2 Rdb8 25. Rxb8+ Rxb8 26. Nd4 Bxd4 27. exd4 Rxb3 28. Ra1 Nb4 29. Bf1 Kg7 30. c5 g5 31. Bxa6 f4 32. gxf4 gxf4 33. Bb7 e3 34. fxe3 fxe3 35. Bf3 Kf6 36. d5 Ke5 37. Rd1 Kf4 38. Be2 Rb2 39. Kf1 Ke5 40. d6 cxd6 41. cxd6 Rd2 42. d7 Rxd1+ 43. Bxd1 Nc6 44. Ke2 Kd6 45. Kxe3 Kxd7 46. Kf4 Ke7 47. Kf5 Kf7 48. Bb3+ Kg7 49. Bd1 Nd4+ 50. Ke5 Nc6+ 51. Ke6 Nd8+ 52. Kf5 Nf7 53. h4 Nd6+ 54. Kf4 Kf6 55. Bg4 Nf7 56. Bh5 Ne5 57. Be8 Nd3+ 58. Ke3 Ne5 59. Kf4 Nd3+ 60. Kg4 Ne5+ 61. Kh5 Kg7 62. Bb5 Nf7 63. Kg4 Kf6 64. Be2 Ne5+ 65. Kh5 Kg7 66. Bd1 Nd3 67. Bf3 Nc5 68. Kg4 Ne6 69. Bd5 Nf8 70. Kf5 Nd7 71. Bf3 Nf6 72. Kf4 Kg6 73. Bd1 Nd7 74. h5+ Kf6 75. Bg4 Nf8 76. Bf5 Ne6+ 77. Kg4 Ng5 78. Bd3 Nf7 79. Bb1 Ne5+ 80. Kf4 Nf7 81. Bg6 Ne5 82. Be4 Nf7 83. Kg4 Ne5+ 84. Kh4 Nf7 85. Bg2 Ne5 86. Bh3 Nf7 87. Bg4 Ng5 88. Kg3 Nf7 89. Kf4 Ne5 90. Bf3 Nxf3 91. Kxf3 Kg5 92. Kg3 Kxh5 93. Kh2 Kg4 94. Kh1 h5 95. Kg1 h4 96. Kh1 h3 97. Kg1 Kg3 98. Kh1 h2 1/2-1/2


[Site "https://www.chess.com"]

[Event "Titled Tuesday Blitz December 06 Late 2022"]
[White "Seletsky, Grigory"]
[Black "Joubert, Dantelle"]
[WhiteFideId "14112191"]
[BlackFideId "14310813"]
[WhiteElo "2492"]
[BlackElo "1507"]
[Result "1-0"]
[Round "06"]
[TimeControl "180+1"]
[Date "2022.12.07"]
[WhiteClock "0:00:59"]
[BlackClock "0:00:01"]

1. e4 e5 2. Nf3 Nc6 3. Bb5 Nf6 4. d3 Bc5 5. O-O O-O 6. Bg5 h6 7. Bh4 Nd4 8. Nxd4 Bxd4 9. c3 Bc5 10. Nd2 Be7 11. d4 d6 12. Bd3 Nd7 13. Bg3 Re8 14. Nf3 Bf6 15. d5 Nf8 16. h3 Ng6 17. Qd2 Bg5 18. Nxg5 hxg5 19. Be2 Qf6 20. Bg4 Bxg4 21. hxg4 Ne7 22. f3 g6 23. c4 Kg7 24. Kf2 c6 25. Rfd1 cxd5 26. cxd5 Rec8 27. Rac1 Ng8 28. Rc3 Qe7 29. Rdc1 Rxc3 30. Qxc3 Rd8 31. Qa5 a6 32. b4 f6 33. a4 Rd7 34. b5 axb5 35. axb5 Rd8 36. Rc7 Rd7 37. b6 Kf7 38. Qc3 Qd8 39. Ke1 Ne7 40. Bf2 Rxc7 41. bxc7 Qd7 42. Qc4 Nc8 43. Be3 Ke7 44. Kd2 Kf7 45. Kc2 Ke7 46. Kb3 Kf7 47. Kb4 Ke7 48. Ka5 Kf7 49. Bb6 Ke7 50. Qc1 Kf7 51. Qh1 Kg7 52. Qb1 1-0


[Site "https://www.chess.com"]

[Event "Titled Tuesday Blitz December 06 Late 2022"]
[White "Shapiro, Daniel"]
[Black "Oro, Faustino"]
[WhiteFideId "2001780"]
[BlackFideId "20000197"]
[WhiteElo "2333"]
[BlackElo "1984"]
[Result "0-1"]
[Round "06"]
[TimeControl "180+1"]
[Date "2022.12.07"]
[WhiteClock "0:00:01"]
[BlackClock "0:00:22"]

1. d4 Nf6 2. c4 e6 3. g3 d5 4. Nf3 Be7 5. Bg2 O-O 6. O-O dxc4 7. Ne5 Nc6 8. Bxc6 bxc6 9. Nxc6 Qd7 10. Nxe7+ Qxe7 11. Qa4 c5 12. Qxc4 cxd4 13. Qxd4 Bb7 14. Nc3 Rfd8 15. Qh4 h6 16. Be3 e5 17. Rfd1 Bc6 18. Rac1 Rac8 19. Rxd8+ Rxd8 20. Rd1 Rxd1+ 21. Nxd1 Qe6 22. Nc3 Qf5 23. Qc4 Bd7 24. Qd3 Qh3 25. f3 Bc6 26. Qd8+ Kh7 27. Qd6 Ng4 28. Qxc6 Qxh2+ 29. Kf1 Nxe3+ 30. Ke1 Qxg3+ 31. Kd2 Nf1+ 32. Kd3 h5 33. Qe4+ Qg6 34. Nd5 h4 0-1


[Site "https://www.chess.com"]

[Event "Titled Tuesday Blitz December 06 Late 2022"]
[White "Shohat, Yotam"]
[Black "Xu, Grant"]
[WhiteFideId "2813955"]
[BlackFideId "2052318"]
[WhiteElo "2416"]
[BlackElo "2639"]
[Result "1/2-1/2"]
[Round "06"]
[TimeControl "180+1"]
[Date "2022.12.07"]
[WhiteClock "0:00:05"]
[BlackClock "0:00:08"]

1. e4 e6 2. d4 d5 3. Nc3 Bb4 4. e5 c5 5. a3 Bxc3+ 6. bxc3 Ne7 7. a4 Qa5 8. Qd2 Nbc6 9. Nf3 Bd7 10. Bd3 O-O-O 11. O-O c4 12. Be2 f6 13. Ba3 fxe5 14. dxe5 Ng6 15. Bd6 Nce7 16. Rfb1 Nf5 17. Bb4 Qc7 18. g4 Nfh4 19. Nxh4 Nxh4 20. Bd6 Qc6 21. Qd4 Qa6 22. Rb4 Bc6 23. Be7 Ng6 24. Bxd8 Rxd8 25. f4 Rf8 26. Rf1 Nh4 27. f5 Qa5 28. fxe6 Rxf1+ 29. Kxf1 Qd8 30. Qf4 Ng6 31. Qf5 Qe7 32. Bxc4 dxc4 33. Rxc4 Nf8 34. Rd4 Nxe6 35. Rd6 Bd7 36. Qd3 Qf7+ 37. Kg1 Nf4 38. Qe4 Bc6 39. Qf5+ Qxf5 40. gxf5 Ne2+ 41. Kf2 Nxc3 42. Ke3 Nd5+ 43. Kd4 Ne7 44. f6 Nf5+ 45. Kc5 gxf6 46. Rxf6 Ne3 47. Kd6 Nc4+ 48. Ke6 Kc7 49. Rf7+ Kb6 50. Kf6 Bxa4 51. e6 Nd6 52. Rxh7 Bxc2 53. Rd7 Ne8+ 54. Kf7 Nc7 55. e7 Ba4 56. Rd8 a5 57. h4 Bb3+ 58. Kf8 Ne6+ 59. Ke8 Nc7+ 60. Kd7 a4 61. e8=Q Nxe8 62. Rxe8 a3 63. Ra8 a2 64. h5 Bc4 65. h6 Ba6 66. h7 a1=Q 67. h8=Q Bb5+ 68. Kd6 Qd1+ 69. Ke7 Qe2+ 70. Kf8 Qf3+ 71. Kg7 Qg4+ 72. Kh6 Qh4+ 73. Kg7 Qg5+ 74. Kf8 Qf5+ 75. Kg7 Qd7+ 76. Kh6 Qe6+ 77. Kg7 Qe7+ 78. Kh6 Qh4+ 79. Kg7 Qd4+ 80. Kh6 Qd6+ 81. Kg7 Qe5+ 82. Kh6 Qe6+ 83. Kg7 Bc4 84. Qh6 Kc5 85. Qxe6 Bxe6 86. Kf6 Bd5 87. Ke5 b5 88. Rc8+ Bc6 89. Rb8 b4 90. Kf4 Kc4 91. Ke3 Ba4 92. Kd2 Kb3 93. Kc1 Kc3 94. Rc8+ Kd3 95. Rd8+ Kc4 96. Kb2 Bc6 97. Rc8 Kb5 98. Rb8+ Kc5 99. Rc8 Kb5 100. Rf8 Kc4 101. Rf4+ Kc5 102. Rf5+ Kc4 103. Rg5 Bd5 104. Rg4+ Kc5 105. Rh4 Kb5 106. Rh5 Kc5 107. Kc2 Kc4 108. Rh4+ Kc5 109. Kd3 b3 110. Kc3 Be6 111. Rh5+ Kd6 112. Rh6 Ke5 113. Rxe6+ Kxe6 114. Kxb3 1/2-1/2


[Site "https://www.chess.com"]

[Event "Titled Tuesday Blitz December 06 Late 2022"]
[White "Simonovic, Miroslav"]
[Black "Floresvillar Gonzalez, Luis Migu"]
[WhiteFideId "919152"]
[BlackFideId "5100542"]
[WhiteElo "2057"]
[BlackElo "2040"]
[Result "1-0"]
[Round "06"]
[TimeControl "180+1"]
[Date "2022.12.07"]
[WhiteClock "0:01:15"]
[BlackClock "0:01:00"]

1. d4 e6 2. h4 c5 3. c3 cxd4 4. cxd4 b6 5. d5 Bb7 6. dxe6 dxe6 7. Qxd8+ Kxd8 8. Nc3 Nf6 9. Bf4 Bb4 10. O-O-O+ Ke7 11. Nb5 Nc6 12. a3 Bc5 13. e3 Rhd8 14. Rxd8 Rxd8 15. b4 a6 16. bxc5 axb5 17. Bd6+ Rxd6 18. cxd6+ Kxd6 19. Bxb5 Ne5 20. f3 Nd5 21. e4 Nc3 22. Bf1 f5 23. Kc2 Na4 24. exf5 exf5 25. Ne2 Nc4 26. Nd4 Ne3+ 27. Kb3 Nc5+ 28. Kb2 Ke5 29. Nb3 Nxf1 30. Rxf1 Ba6 31. Re1+ Kf4 32. Nxc5 bxc5 33. Re7 g6 34. Rxh7 Kg3 35. Rh6 Bd3 36. Rxg6+ Kxh4 37. Rg7 f4 38. Kc3 Bf1 39. a4 Kh5 40. a5 Kh6 41. Rg4 Kh5 42. Rxf4 Bxg2 43. a6 Kg5 44. Rg4+ 1-0


[Site "https://www.chess.com"]